Rampage vs Aeros

Created - Tuesday, January 27, 2015 at 23:51

Goals
1 2 3 T
Rampage 0 1 0 1
Aeros 0 1 1 2
Shots
1 2 3 T
Rampage 5 5 5 15
Aeros 14 9 9 32

1st period

No Goal

Penalties :
Patrick Wey (HOU) for Tripping (Minor) at 12:51

2nd period

1. Aeros , Craig Cunningham 8 (Cam Janssen) at 8:37
2. Rampage , Matt Puempel 11 (Calle Jarnkrok, Tim Miller) at 19:16

Penalties :
Andrew Gordon (HOU) for High sticking (Minor) at 3:28, Matt Puempel (SAN) for Hooking (Minor) at 11:49, Jon Landry (HOU) for Fighting (Major) at 16:20, Eric Boulton (SAN) for Fighting (Major) at 16:20

3rd period

3. Aeros , Cam Janssen 29 (Craig Cunningham) at 11:22

Penalties :
Jon Landry (HOU) for Hooking (Minor) at 17:26

Goalie Stats

Matt Hackett (SAN), 30 saves from 32 shots - (0.938), L, 15-11-2, 59:40 minutes
David Leggio (HOU), 14 saves from 15 shots - (0.933), W, 9-2-3, 60:00 minutes

Players Stats for Rampage

Player Name              G  A  P  +/- PIM S  H  SB GA TA FO     MP     PP MP  PK MP  
------------------------------------------------------------------------------------
Adam Almquist            0  0  0   0  0   0  4  3  0  0  0/0    24:32   3:01   0:53 
Calle Jarnkrok           0  1  1   1  0   1  2  0  9  0  6/9    20:25   1:32   0:00 
Charles-Olivier Roussel  0  0  0  -1  0   1  0  2  0  1  0/0    21:28   2:56   1:06 
Danny Kristo             0  0  0   0  0   0  0  4  2  1  1/1    15:48   2:38   1:38 
Eric Boulton             0  0  0  -1  5   2  0  0  1  0  0/0    15:18   0:00   0:00 
Farm Player14            0  0  0   0  0   0  1  0  0  0  1/2    19:19   0:13   0:58 
Farm Player22            0  0  0  -1  0   0  0  0  0  0  1/9    14:34   0:13   0:00 
Jesper Fast              0  0  0   0  0   1  1  2  2  1  0/0    16:40   3:06   0:00 
Joe Diamond              0  0  0   0  0   0  0  0  0  0  0/0     0:00   0:00   0:00 
Johan Sundstrom          0  0  0  -1  0   2  2  0  1  1  1/7    19:09   2:40   0:33 
John Persson             0  0  0   0  0   0  0  0  0  0  0/0     1:33   0:00   0:00 
Jordan Nolan             0  0  0  -1  0   1  3  0  2  0  0/2    20:35   2:27   0:49 
Kirill Kabanov           0  0  0   0  0   0  0  0  0  0  0/0    16:58   3:06   0:00 
Matt Puempel             1  0  1   0  2   6  3  0  0  0  0/0    16:47   1:56   0:00 
Nick Tuzzolino           0  0  0   0  0   0  1  1  0  3  0/0    14:00   0:00   0:00 
Tim Erixon               0  0  0   0  0   0  1  0  0  1  0/0    25:00   3:01   0:53 
Tim Miller               0  1  1   0  0   1  1  0  0  0  0/0    14:25   0:00   0:00 
Will O'Neill             0  0  0  -1  0   0  1  2  1  1  0/0    21:28   2:56   1:06 

Players Stats for Aeros

Player Name              G  A  P  +/- PIM S  H  SB GA TA FO     MP     PP MP  PK MP  
------------------------------------------------------------------------------------
Andrew Gordon            0  0  0   0  2   5  1  0  1  0  1/4    18:07   1:07   3:05 
Anthony Camara           0  0  0   0  0   0  0  1  1  0  0/0    11:28   0:00   0:00 
Bretton Stamler          0  0  0   0  0   2  0  1  0  0  0/0    18:30   0:00   0:00 
Brodie Dupont            0  0  0   0  0   0  0  0  1  1  2/2    11:28   0:00   0:00 
Cam Janssen              1  1  2   2  0   4  3  0  1  1  1/1    15:06   0:52   0:57 
Colin Stuart             0  0  0   0  0   2  1  0  2  0  0/0    15:31   1:07   0:35 
Craig Cunningham         1  1  2   2  0   6  1  1  1  0  0/0    15:14   0:52   0:35 
Dana Tyrell              0  0  0   2  0   2  2  1  2  1  5/8    17:45   0:00   4:29 
Danny Hobbs              0  0  0   0  0   0  2  0  3  0  2/2    13:45   0:52   1:20 
Ilari Melart             0  0  0   0  0   2  0  1  0  0  0/0    19:20   0:00   1:48 
Jani Hakanpaa            0  0  0   0  0   0  0  3  0  2  0/0    21:23   0:59   3:00 
Jared Gomes              0  0  0  -1  0   2  1  0  2  0  2/3    12:52   0:00   0:00 
Joel Chouinard           0  0  0   0  0   1  2  0  0  1  0/0    20:22   1:00   2:57 
Jon Landry               0  0  0   1  7   0  0  0  0  2  0/0    17:51   0:59   1:46 
Matthew Pistilli         0  0  0  -1  0   3  0  1  3  0  0/0    13:25   0:00   0:00 
Patrick Wey              0  0  0   1  2   0  1  0  0  0  0/0    23:03   1:00   2:23 
Scott Campbell           0  0  0  -1  0   0  1  0  3  3  1/1    13:51   0:00   0:53 
Warren Peters            0  0  0   0  0   3  0  0  1  0  6/9    14:58   1:07   0:00 

3 Stars

1 - Cam Janssen (HOU)
2 - Craig Cunningham (HOU)
3 - Matt Hackett (SAN)

Power Play

Rampage - 0 on 3 Attempt(s) - 0.00%
Aeros - 0 on 1 Attempt(s) - 0.00%

Penalty Kill

Rampage - 1 on 1 Attempt(s) - 100.00% - Score 0 goal in Penalty Kill
Aeros - 3 on 3 Attempt(s) - 100.00% - Score 0 goal in Penalty Kill

Team Stat

Rampage - Hits : 20 - Faceoff Wins : 10 - Blocked Shots : 14 - Penalty Minutes : 7
Aeros - Hits : 15 - Faceoff Wins : 20 - Blocked Shots : 9 - Penalty Minutes : 11

Official

Referees : Unknown
Linesman : Unknown

Game Notes

Eric Boulton beats up Jon Landry at 16:20 of 2nd period

Finance

Level 1 -- Attendance: 1357 (67.85%) -- Ticket Income $47,495
Level 2 -- Attendance: 783 (78.30%) -- Ticket Income $11,745
Total Attendance: 2140 (71.33%)
Total Ticket Income: $59,240
Other Income: $29,028
Total Income: $88,268

Rampage

5 vs 5 Forward 
   Center                   Left Wing                Right Wing               Time % Phy DF OF 
 1 Calle Jarnkrok           Jordan Nolan             Danny Kristo             35     1   2  2  
 2 Johan Sundstrom          Jesper Fast              Kirill Kabanov           30     1   2  2  
 3 Farm Player22            Matt Puempel             Jordan Nolan             22     1   2  2  
 4 Calle Jarnkrok           Eric Boulton             Tim Miller               13     1   2  2  

5 vs 5 Defense 
   Defense                  Defense                                           Time % Phy DF OF 
 1 Tim Erixon               Adam Almquist                                     35     1   2  2  
 2 Charles-Olivier Roussel  Will O'Neill                                      30     1   2  2  
 3 Nick Tuzzolino           Farm Player14                                     22     1   2  2  
 4 Tim Erixon               Adam Almquist                                     13     1   2  2  

PowerPlay Forward 
   Center                   Left Wing                Right Wing               Time % Phy DF OF 
 1 Calle Jarnkrok           Jordan Nolan             Danny Kristo             60     1   2  2  
 2 Johan Sundstrom          Jesper Fast              Kirill Kabanov           40     1   2  2  

PowerPlay Defense
   Defense                  Defense                                           Time % Phy DF OF 
 1 Tim Erixon               Adam Almquist                                     60     1   2  2  
 2 Charles-Olivier Roussel  Will O'Neill                                      40     1   2  2  

Penalty Kill 4 Players Forward 
   Center                   Wing                     Time % Phy DF OF 
 1 Jordan Nolan             Danny Kristo             60     1   2  2  
 2 Calle Jarnkrok           Jesper Fast              40     1   2  2  

Penalty Kill 4 Players Defense
   Defense                  Defense                  Time % Phy DF OF 
 1 Tim Erixon               Adam Almquist            60     1   2  2  
 2 Charles-Olivier Roussel  Will O'Neill             40     1   2  2  

Penalty Kill - 3 Players Forward 
   Forward                                           Time % Phy DF OF 
 1 Jordan Nolan                                      60     1   2  2  
 2 Danny Kristo                                      40     1   2  2  

Penalty Kill - 3 Players Defense
   Defense                  Defense                  Time % Phy DF OF 
 1 Tim Erixon               Adam Almquist            60     1   2  2  
 2 Charles-Olivier Roussel  Will O'Neill             40     1   2  2  

4 vs 4 Forward 
   Center                   Wing                     Time % Phy DF OF 
 1 Jordan Nolan             Danny Kristo             60     1   2  2  
 2 Calle Jarnkrok           Jesper Fast              40     1   2  2  

4 vs 4 Defense
   Defense                  Defense                  Time % Phy DF OF 
 1 Tim Erixon               Adam Almquist            60     1   2  2  
 2 Charles-Olivier Roussel  Will O'Neill             40     1   2  2  

Last Minutes Offensive
   Center                   Left Wing                Right Wing               Defense                  Defense                  
   Calle Jarnkrok           Jordan Nolan             Danny Kristo             Tim Erixon               Adam Almquist            

Last Minutes Defensive
   Center                   Left Wing                Right Wing               Defense                  Defense                  
   Calle Jarnkrok           Jordan Nolan             Danny Kristo             Tim Erixon               Adam Almquist            

Goaltenders
Starting : Matt Hackett             
Backup : Mike Murphy              

Extra Forwards
Normal : Matt Puempel, Eric Boulton, Johan Sundstrom - PP : Matt Puempel, Eric Boulton - PK : Johan Sundstrom
Extra Defensemen
Normal : Nick Tuzzolino, Farm Player14, Farm Player22 - PP : Nick Tuzzolino - PK : Farm Player14, Farm Player22
Penalty Shots
Jordan Nolan, Danny Kristo, Calle Jarnkrok, Jesper Fast, Matt Puempel

Aeros

5 vs 5 Forward 
   Center                   Left Wing                Right Wing               Time % Phy DF OF 
 1 Dana Tyrell              Craig Cunningham         Cam Janssen              35     1   2  2  
 2 Warren Peters            Colin Stuart             Andrew Gordon            30     1   2  2  
 3 Brodie Dupont            Anthony Camara           Danny Hobbs              22     1   2  2  
 4 Jared Gomes              Scott Campbell           Matthew Pistilli         13     1   2  2  

5 vs 5 Defense 
   Defense                  Defense                                           Time % Phy DF OF 
 1 Jon Landry               Patrick Wey                                       35     1   2  2  
 2 Joel Chouinard           Bretton Stamler                                   30     1   2  2  
 3 Ilari Melart             Jani Hakanpaa                                     22     1   2  2  
 4 Bretton Stamler          Patrick Wey                                       13     1   2  2  

PowerPlay Forward 
   Center                   Left Wing                Right Wing               Time % Phy DF OF 
 1 Warren Peters            Colin Stuart             Andrew Gordon            60     1   2  2  
 2 Danny Hobbs              Craig Cunningham         Cam Janssen              40     1   2  2  

PowerPlay Defense
   Defense                  Defense                                           Time % Phy DF OF 
 1 Jani Hakanpaa            Jon Landry                                        60     1   2  2  
 2 Joel Chouinard           Patrick Wey                                       40     1   2  2  

Penalty Kill 4 Players Forward 
   Center                   Wing                     Time % Phy DF OF 
 1 Andrew Gordon            Dana Tyrell              60     1   2  2  
 2 Craig Cunningham         Colin Stuart             40     1   2  2  

Penalty Kill 4 Players Defense
   Defense                  Defense                  Time % Phy DF OF 
 1 Jani Hakanpaa            Jon Landry               60     1   2  2  
 2 Joel Chouinard           Patrick Wey              40     1   2  2  

Penalty Kill - 3 Players Forward 
   Forward                                           Time % Phy DF OF 
 1 Andrew Gordon                                     60     1   2  2  
 2 Dana Tyrell                                       40     1   2  2  

Penalty Kill - 3 Players Defense
   Defense                  Defense                  Time % Phy DF OF 
 1 Jani Hakanpaa            Jon Landry               60     1   2  2  
 2 Joel Chouinard           Patrick Wey              40     1   2  2  

4 vs 4 Forward 
   Center                   Wing                     Time % Phy DF OF 
 1 Andrew Gordon            Dana Tyrell              60     1   2  2  
 2 Craig Cunningham         Colin Stuart             40     1   2  2  

4 vs 4 Defense
   Defense                  Defense                  Time % Phy DF OF 
 1 Jani Hakanpaa            Jon Landry               60     1   2  2  
 2 Joel Chouinard           Patrick Wey              40     1   2  2  

Last Minutes Offensive
   Center                   Left Wing                Right Wing               Defense                  Defense                  
   Warren Peters            Dana Tyrell              Andrew Gordon            Patrick Wey              Jon Landry               

Last Minutes Defensive
   Center                   Left Wing                Right Wing               Defense                  Defense                  
   Warren Peters            Dana Tyrell              Andrew Gordon            Jani Hakanpaa            Jon Landry               

Goaltenders
Starting : David Leggio             
Backup : Harri Sateri             

Extra Forwards
Normal : Matthew Pistilli, Scott Campbell, Dana Tyrell - PP : Matthew Pistilli, Scott Campbell - PK : Cam Janssen
Extra Defensemen
Normal : Ilari Melart, Jon Landry, Jani Hakanpaa - PP : Ilari Melart - PK : Ilari Melart, Jani Hakanpaa
Penalty Shots
Andrew Gordon, Bretton Stamler, Craig Cunningham, Colin Stuart, Warren Peters

% Time on Ice - Rampage

Lines # - Real PCT - Wanted PCT - Time Play
Normal Forward
1 - 21% - 35% - 11:06
2 - 26% - 30% - 13:34
3 - 25% - 22% - 12:45
4 - 28% - 13% - 14:25
Normal Defense
1 - 31% - 35% - 16:13
2 - 33% - 30% - 17:18
3 - 27% - 22% - 13:54
4 - 9% - 13% - 4:25
PP Forward
1 - 48% - 60% - 2:51
2 - 52% - 40% - 3:06
PP Defense
1 - 51% - 60% - 3:01
2 - 49% - 40% - 2:56
PK Forward
1 - 100% - 60% - 1:59
2 - 0% - 40% - 0:00
PK Defense
1 - 45% - 60% - 0:53
2 - 55% - 40% - 1:06
PK3 Forward
1 - 0% - 60%
2 - 0% - 40%
PK3 Defense
1 - 0% - 60%
2 - 0% - 40%
44 Forward
1 - 0% - 60%
2 - 0% - 40%
44 Defense
1 - 0% - 60%
2 - 0% - 40%
Last Minute Offensive  - 0:14
Last Minute Defensive  - 0:00
Total
Forward - 60:00
Defense - 60:00

% Time on Ice - Aeros

Lines # - Real PCT - Wanted PCT - Time Play
Normal Forward
1 - 26% - 35% - 13:36
2 - 26% - 30% - 13:35
3 - 22% - 22% - 11:28
4 - 25% - 13% - 12:52
Normal Defense
1 - 31% - 35% - 16:12
2 - 32% - 30% - 16:25
3 - 32% - 22% - 16:18
4 - 5% - 13% - 2:36
PP Forward
1 - 56% - 60% - 1:07
2 - 44% - 40% - 0:52
PP Defense
1 - 50% - 60% - 0:59
2 - 50% - 40% - 1:00
PK Forward
1 - 90% - 60% - 5:22
2 - 10% - 40% - 0:35
PK Defense
1 - 50% - 60% - 3:00
2 - 50% - 40% - 2:57
PK3 Forward
1 - 0% - 60%
2 - 0% - 40%
PK3 Defense
1 - 0% - 60%
2 - 0% - 40%
44 Forward
1 - 0% - 60%
2 - 0% - 40%
44 Defense
1 - 0% - 60%
2 - 0% - 40%
Last Minute Offensive  - 0:00
Last Minute Defensive  - 0:33
Total
Forward - 60:00
Defense - 60:00

Play by Play

1st period


0:01 of 1st period - Danny Kristo wins face-off versus Dana Tyrell in neutral zone.
0:36 of 1st period - Off-side.
0:37 of 1st period - Warren Peters wins face-off versus Johan Sundstrom in neutral zone.
1:18 of 1st period - Kirill Kabanov is hit by Joel Chouinard and loses puck.
2:36 of 1st period - Snap shot by Calle Jarnkrok.
2:36 of 1st period - Shot Blocked by Jani Hakanpaa.
2:38 of 1st period - Slapshot by Calle Jarnkrok.
2:38 of 1st period - Stopped by David Leggio without a rebound.
2:39 of 1st period - Calle Jarnkrok wins face-off versus Dana Tyrell in Aeros zone.
2:46 of 1st period - Wrist shot by Calle Jarnkrok.
2:46 of 1st period - Shot Misses the Net.
3:07 of 1st period - Slapshot by Craig Cunningham.
3:07 of 1st period - Stopped by Matt Hackett with a rebound.
3:09 of 1st period - Wrist shot by Dana Tyrell.
3:09 of 1st period - Shot Misses the Net.
3:11 of 1st period - Slapshot by Craig Cunningham.
3:11 of 1st period - Stopped by Matt Hackett with a rebound.
3:13 of 1st period - Slapshot by Patrick Wey.
3:13 of 1st period - Shot Blocked by Danny Kristo.
3:45 of 1st period - Slapshot by Colin Stuart.
3:45 of 1st period - Shot Misses the Net.
3:47 of 1st period - Slapshot by Andrew Gordon.
3:47 of 1st period - Stopped by Matt Hackett with a rebound.
3:49 of 1st period - Snap shot by Andrew Gordon.
3:49 of 1st period - Stopped by Matt Hackett with a rebound.
3:51 of 1st period - Wrist shot by Colin Stuart.
3:51 of 1st period - Shot Misses the Net.
3:53 of 1st period - Slapshot by Andrew Gordon.
3:53 of 1st period - Shot Misses the Net.
3:55 of 1st period - Snap shot by Warren Peters.
3:55 of 1st period - Stopped by Matt Hackett with a rebound.
4:27 of 1st period - Slapshot by Danny Hobbs.
4:27 of 1st period - Shot Blocked by Will O'Neill.
5:30 of 1st period - Snap shot by Dana Tyrell.
5:30 of 1st period - Stopped by Matt Hackett without a rebound.
5:31 of 1st period - Dana Tyrell wins face-off versus Calle Jarnkrok in Rampage zone.
5:40 of 1st period - Snap shot by Cam Janssen.
5:40 of 1st period - Shot Misses the Net.
5:42 of 1st period - Wrist shot by Craig Cunningham.
5:42 of 1st period - Shot Blocked by Nick Tuzzolino.
5:44 of 1st period - Slapshot by Bretton Stamler.
5:44 of 1st period - Stopped by Matt Hackett with a rebound.
5:46 of 1st period - Slapshot by Bretton Stamler.
5:46 of 1st period - Stopped by Matt Hackett with a rebound.
6:18 of 1st period - Slapshot by Andrew Gordon.
6:18 of 1st period - Deflect By Warren Peters.
6:18 of 1st period - Stopped by Matt Hackett with a rebound.
7:03 of 1st period - Ilari Melart is hit by Matt Puempel and loses puck.
7:21 of 1st period - Wrist shot by Jesper Fast.
7:21 of 1st period - Shot Blocked by Ilari Melart.
7:23 of 1st period - Slapshot by Jesper Fast.
7:23 of 1st period - Shot Misses the Net.
7:25 of 1st period - Slapshot by Charles-Olivier Roussel.
7:25 of 1st period - Shot Blocked by Jani Hakanpaa.
7:27 of 1st period - Snap shot by Kirill Kabanov.
7:27 of 1st period - Shot Misses the Net.
7:50 of 1st period - Wrist shot by Matthew Pistilli.
7:50 of 1st period - Shot Misses the Net.
7:52 of 1st period - Snap shot by Matthew Pistilli.
7:52 of 1st period - Shot Misses the Net.
7:54 of 1st period - Snap shot by Jared Gomes.
7:54 of 1st period - Stopped by Matt Hackett without a rebound.
7:55 of 1st period - Jared Gomes wins face-off versus Farm Player22 in Rampage zone.
9:25 of 1st period - Bretton Stamler is hit by Tim Erixon.
10:03 of 1st period - Will O'Neill is hit by Danny Hobbs and loses puck.
11:24 of 1st period - Snap shot by Johan Sundstrom.
11:24 of 1st period - Stopped by David Leggio with a rebound.
11:26 of 1st period - Snap shot by Johan Sundstrom.
11:26 of 1st period - Shot Misses the Net.
11:28 of 1st period - Wrist shot by Johan Sundstrom.
11:28 of 1st period - Stopped by David Leggio with a rebound.
12:00 of 1st period - Wrist shot by Andrew Gordon.
12:00 of 1st period - Deflect By Colin Stuart.
12:00 of 1st period - Stopped by Matt Hackett with a rebound.
12:02 of 1st period - Wrist shot by Andrew Gordon.
12:02 of 1st period - Stopped by Matt Hackett with a rebound.
12:04 of 1st period - Backhand shot by Colin Stuart.
12:04 of 1st period - Shot Blocked by Danny Kristo.
12:06 of 1st period - Wrist shot by Warren Peters.
12:06 of 1st period - Shot Blocked by Danny Kristo.
12:08 of 1st period - Slapshot by Jon Landry.
12:08 of 1st period - Shot Misses the Net.
12:12 of 1st period - Snap shot by Andrew Gordon.
12:12 of 1st period - Shot Misses the Net.
12:51 of 1st period - Minor Penalty to Patrick Wey for Tripping.
12:52 of 1st period - Dana Tyrell wins face-off versus Johan Sundstrom in Aeros zone.
13:22 of 1st period - Snap shot by Andrew Gordon.
13:22 of 1st period - Stopped by Matt Hackett with a rebound.
13:29 of 1st period - Icing by Will O'Neill.
13:30 of 1st period - Johan Sundstrom wins face-off versus Andrew Gordon in Rampage zone.
13:57 of 1st period - Charles-Olivier Roussel is hit by Dana Tyrell.
14:20 of 1st period - Colin Stuart is hit by Jesper Fast and loses puck.
14:46 of 1st period - Snap shot by Craig Cunningham.
14:46 of 1st period - Shot Blocked by Charles-Olivier Roussel.
14:51 of 1st period - Penalty to Patrick Wey is over, Patrick Wey is back on ice.
14:54 of 1st period - Charles-Olivier Roussel is hit by Patrick Wey and loses puck.
15:13 of 1st period - Ilari Melart is hit by Farm Player14 and loses puck.
16:25 of 1st period - Wrist shot by Matt Puempel.
16:25 of 1st period - Stopped by David Leggio with a rebound.
16:27 of 1st period - Slapshot by Tim Erixon.
16:27 of 1st period - Deflect By Matt Puempel.
16:27 of 1st period - Shot Misses the Net.
16:27 of 1st period - Puck is out of play.
16:28 of 1st period - Dana Tyrell wins face-off versus Farm Player22 in Aeros zone.
16:48 of 1st period - Adam Almquist is hit by Cam Janssen and loses puck.
17:53 of 1st period - Wrist shot by Johan Sundstrom.
17:53 of 1st period - Shot Misses the Net.
17:55 of 1st period - Slapshot by Charles-Olivier Roussel.
17:55 of 1st period - Stopped by David Leggio with a rebound.
17:57 of 1st period - Slapshot by Charles-Olivier Roussel.
17:57 of 1st period - Shot Hit the Post.
18:33 of 1st period - Snap shot by Andrew Gordon.
18:33 of 1st period - Stopped by Matt Hackett with a rebound.
Goals for this period are 0 for Rampage vs 0 for Aeros.
Shots for this period are 5 for Rampage vs 14 for Aeros.

2nd period


0:01 of 2nd period - Dana Tyrell wins face-off versus Calle Jarnkrok in neutral zone.
1:10 of 2nd period - Off-side.
1:11 of 2nd period - Brodie Dupont wins face-off versus Farm Player22 in neutral zone.
1:25 of 2nd period - Wrist shot by Matt Puempel.
1:25 of 2nd period - Shot Blocked by Anthony Camara.
1:27 of 2nd period - Wrist shot by Matt Puempel.
1:27 of 2nd period - Shot Misses the Net.
2:01 of 2nd period - Snap shot by Scott Campbell.
2:01 of 2nd period - Shot Misses the Net.
2:03 of 2nd period - Wrist shot by Matthew Pistilli.
2:03 of 2nd period - Stopped by Matt Hackett with a rebound.
2:14 of 2nd period - Snap shot by Matthew Pistilli.
2:14 of 2nd period - Stopped by Matt Hackett with a rebound.
2:16 of 2nd period - Snap shot by Jared Gomes.
2:16 of 2nd period - Stopped by Matt Hackett with a rebound.
2:18 of 2nd period - Snap shot by Matthew Pistilli.
2:18 of 2nd period - Stopped by Matt Hackett with a rebound.
2:32 of 2nd period - Tim Miller is hit by Scott Campbell and loses puck.
2:55 of 2nd period - Wrist shot by Dana Tyrell.
2:55 of 2nd period - Stopped by Matt Hackett with a rebound.
3:13 of 2nd period - Nick Tuzzolino is hit by Craig Cunningham and loses puck.
3:28 of 2nd period - Minor Penalty to Andrew Gordon for High sticking.
3:29 of 2nd period - Cam Janssen wins face-off versus Johan Sundstrom in Aeros zone.
4:21 of 2nd period - Snap shot by Cam Janssen.
4:21 of 2nd period - Shot Blocked by Jesper Fast.
5:13 of 2nd period - Snap shot by Jordan Nolan.
5:13 of 2nd period - Shot Misses the Net.
5:23 of 2nd period - Snap shot by Danny Hobbs.
5:23 of 2nd period - Shot Blocked by Danny Kristo.
5:28 of 2nd period - Penalty to Andrew Gordon is over, Andrew Gordon is back on ice.
6:44 of 2nd period - Slapshot by Calle Jarnkrok.
6:44 of 2nd period - Shot Misses the Net.
7:15 of 2nd period - Wrist shot by Matt Puempel.
7:15 of 2nd period - Stopped by David Leggio with a rebound.
8:08 of 2nd period - Wrist shot by Andrew Gordon.
8:08 of 2nd period - Shot Blocked by Charles-Olivier Roussel.
8:10 of 2nd period - Snap shot by Colin Stuart.
8:10 of 2nd period - Stopped by Matt Hackett without a rebound.
8:11 of 2nd period - Dana Tyrell wins face-off versus Farm Player22 in Rampage zone.
8:14 of 2nd period - Slapshot by Craig Cunningham.
8:14 of 2nd period - Shot Misses the Net.
8:37 of 2nd period - Wrist shot by Craig Cunningham.
8:37 of 2nd period - Goal by Craig Cunningham - Rampage : 0 - Aeros : 1.
8:38 of 2nd period - Warren Peters wins face-off versus Calle Jarnkrok in neutral zone.
8:41 of 2nd period - Tim Erixon is hit by Andrew Gordon.
8:55 of 2nd period - Wrist shot by Eric Boulton.
8:55 of 2nd period - Stopped by David Leggio without a rebound.
8:56 of 2nd period - Calle Jarnkrok wins face-off versus Warren Peters in Aeros zone.
10:23 of 2nd period - Jesper Fast is hit by Jared Gomes and loses puck.
11:49 of 2nd period - Minor Penalty to Matt Puempel for Hooking.
11:50 of 2nd period - Warren Peters wins face-off versus Jordan Nolan in Rampage zone.
12:17 of 2nd period - Snap shot by Warren Peters.
12:17 of 2nd period - Stopped by Matt Hackett without a rebound.
12:18 of 2nd period - Danny Hobbs wins face-off versus Johan Sundstrom in Rampage zone.
12:25 of 2nd period - Snap shot by Craig Cunningham.
12:25 of 2nd period - Shot Blocked by Will O'Neill.
12:37 of 2nd period - Snap shot by Cam Janssen.
12:37 of 2nd period - Stopped by Matt Hackett with a rebound.
13:09 of 2nd period - Danny Kristo is hit by Joel Chouinard and loses puck.
13:29 of 2nd period - Off-side.
13:30 of 2nd period - Danny Hobbs wins face-off versus Farm Player14 in neutral zone.
13:49 of 2nd period - Penalty to Matt Puempel is over, Matt Puempel is back on ice.
13:57 of 2nd period - Snap shot by Colin Stuart.
13:57 of 2nd period - Shot Misses the Net.
14:47 of 2nd period - Slapshot by Calle Jarnkrok.
14:47 of 2nd period - Shot Misses the Net.
15:12 of 2nd period - Jon Landry is hit by Tim Miller and loses puck.
15:21 of 2nd period - Icing by Jon Landry.
15:22 of 2nd period - Jared Gomes wins face-off versus Johan Sundstrom in Aeros zone.
15:55 of 2nd period - Wrist shot by Jordan Nolan.
15:55 of 2nd period - Stopped by David Leggio with a rebound.
16:20 of 2nd period - Eric Boulton beats up Jon Landry.
16:20 of 2nd period - Penalty to Jon Landry for Fighting.
16:20 of 2nd period - Penalty to Eric Boulton for Fighting.
16:21 of 2nd period - Farm Player22 wins face-off versus Warren Peters in Aeros zone.
16:26 of 2nd period - Snap shot by Matt Puempel.
16:26 of 2nd period - Stopped by David Leggio without a rebound.
16:27 of 2nd period - Andrew Gordon wins face-off versus Farm Player22 in Aeros zone.
16:27 of 2nd period - Andrew Gordon is hit by Adam Almquist.
16:54 of 2nd period - Colin Stuart is hit by Jordan Nolan and loses puck.
19:16 of 2nd period - Wrist shot by Matt Puempel.
19:16 of 2nd period - Goal by Matt Puempel - Rampage : 1 - Aeros : 1.
19:17 of 2nd period - Warren Peters wins face-off versus Farm Player22 in neutral zone.
19:42 of 2nd period - Wrist shot by Colin Stuart.
19:42 of 2nd period - Shot Misses the Net.
19:44 of 2nd period - Slapshot by Ilari Melart.
19:44 of 2nd period - Shot Misses the Net.
19:50 of 2nd period - Slapshot by Andrew Gordon.
19:50 of 2nd period - Shot Misses the Net.
Goals for this period are 1 for Rampage vs 1 for Aeros.
Shots for this period are 5 for Rampage vs 9 for Aeros.

3rd period


0:01 of 3rd period - Calle Jarnkrok wins face-off versus Dana Tyrell in neutral zone.
0:30 of 3rd period - Slapshot by Cam Janssen.
0:30 of 3rd period - Shot Misses the Net.
0:32 of 3rd period - Snap shot by Craig Cunningham.
0:32 of 3rd period - Stopped by Matt Hackett with a rebound.
0:34 of 3rd period - Snap shot by Bretton Stamler.
0:34 of 3rd period - Shot Misses the Net.
1:05 of 3rd period - Andrew Gordon is hit by Adam Almquist and loses puck.
1:52 of 3rd period - Wrist shot by Matt Puempel.
1:52 of 3rd period - Stopped by David Leggio without a rebound.
1:53 of 3rd period - Scott Campbell wins face-off versus Farm Player22 in Aeros zone.
2:58 of 3rd period - Snap shot by Craig Cunningham.
2:58 of 3rd period - Stopped by Matt Hackett with a rebound.
3:08 of 3rd period - Snap shot by Craig Cunningham.
3:08 of 3rd period - Shot Misses the Net.
3:10 of 3rd period - Slapshot by Joel Chouinard.
3:10 of 3rd period - Deflect By Craig Cunningham.
3:10 of 3rd period - Stopped by Matt Hackett without a rebound.
3:11 of 3rd period - Warren Peters wins face-off versus Johan Sundstrom in Rampage zone.
3:27 of 3rd period - Snap shot by Andrew Gordon.
3:27 of 3rd period - Shot Blocked by Adam Almquist.
3:29 of 3rd period - Slapshot by Bretton Stamler.
3:29 of 3rd period - Shot Blocked by Adam Almquist.
3:31 of 3rd period - Wrist shot by Andrew Gordon.
3:31 of 3rd period - Shot Blocked by Jesper Fast.
3:33 of 3rd period - Slapshot by Joel Chouinard.
3:33 of 3rd period - Shot Blocked by Adam Almquist.
3:35 of 3rd period - Slapshot by Joel Chouinard.
3:35 of 3rd period - Shot Misses the Net.
4:04 of 3rd period - Dana Tyrell is hit by Jordan Nolan and loses puck.
4:19 of 3rd period - Slapshot by Matt Puempel.
4:19 of 3rd period - Shot Blocked by Craig Cunningham.
4:21 of 3rd period - Snap shot by Will O'Neill.
4:21 of 3rd period - Shot Blocked by Dana Tyrell.
4:23 of 3rd period - Wrist shot by Jordan Nolan.
4:23 of 3rd period - Shot Blocked by Jani Hakanpaa.
5:31 of 3rd period - Bretton Stamler is hit by Nick Tuzzolino and loses puck.
5:41 of 3rd period - Off-side.
5:42 of 3rd period - Warren Peters wins face-off versus Farm Player22 in neutral zone.
5:59 of 3rd period - Jani Hakanpaa is hit by Jordan Nolan and loses puck.
6:32 of 3rd period - Jesper Fast is hit by Colin Stuart and loses puck.
6:43 of 3rd period - Dana Tyrell is hit by Johan Sundstrom.
7:03 of 3rd period - Wrist shot by Cam Janssen.
7:03 of 3rd period - Deflect By Tim Erixon.
7:03 of 3rd period - Stopped by Matt Hackett with a rebound.
7:05 of 3rd period - Snap shot by Joel Chouinard.
7:05 of 3rd period - Stopped by Matt Hackett with a rebound.
7:07 of 3rd period - Snap shot by Cam Janssen.
7:07 of 3rd period - Stopped by Matt Hackett without a rebound.
7:08 of 3rd period - Brodie Dupont wins face-off versus Jordan Nolan in Rampage zone.
7:21 of 3rd period - Snap shot by Matt Puempel.
7:21 of 3rd period - Stopped by David Leggio with a rebound.
7:29 of 3rd period - Wrist shot by Anthony Camara.
7:29 of 3rd period - Shot Misses the Net.
8:37 of 3rd period - Nick Tuzzolino is hit by Cam Janssen and loses puck.
9:17 of 3rd period - Warren Peters is hit by Adam Almquist and loses puck.
9:45 of 3rd period - Slapshot by Ilari Melart.
9:45 of 3rd period - Stopped by Matt Hackett with a rebound.
9:47 of 3rd period - Slapshot by Ilari Melart.
9:47 of 3rd period - Stopped by Matt Hackett with a rebound.
11:15 of 3rd period - Eric Boulton is hit by Cam Janssen and loses puck.
11:22 of 3rd period - Wrist shot by Cam Janssen.
11:22 of 3rd period - Goal by Cam Janssen - Rampage : 1 - Aeros : 2.
11:23 of 3rd period - Calle Jarnkrok wins face-off versus Warren Peters in neutral zone.
12:17 of 3rd period - Colin Stuart is hit by Johan Sundstrom and loses puck.
12:34 of 3rd period - Joel Chouinard is hit by Adam Almquist and loses puck.
12:56 of 3rd period - Wrist shot by Eric Boulton.
12:56 of 3rd period - Stopped by David Leggio with a rebound.
12:58 of 3rd period - Slapshot by Tim Miller.
12:58 of 3rd period - Stopped by David Leggio with a rebound.
13:00 of 3rd period - Slapshot by Eric Boulton.
13:00 of 3rd period - Shot Misses the Net.
13:02 of 3rd period - Slapshot by Charles-Olivier Roussel.
13:02 of 3rd period - Shot Blocked by Bretton Stamler.
13:22 of 3rd period - Jesper Fast is hit by Danny Hobbs and loses puck.
13:34 of 3rd period - Off-side.
13:35 of 3rd period - Farm Player14 wins face-off versus Jared Gomes in neutral zone.
14:41 of 3rd period - Snap shot by Anthony Camara.
14:41 of 3rd period - Shot Misses the Net.
15:00 of 3rd period - Anthony Camara is hit by Matt Puempel and loses puck.
16:16 of 3rd period - Wrist shot by Cam Janssen.
16:16 of 3rd period - Shot Misses the Net.
16:42 of 3rd period - Matthew Pistilli is hit by Will O'Neill and loses puck.
17:05 of 3rd period - Wrist shot by Jesper Fast.
17:05 of 3rd period - Stopped by David Leggio with a rebound.
17:07 of 3rd period - Slapshot by Jesper Fast.
17:07 of 3rd period - Shot Blocked by Matthew Pistilli.
17:26 of 3rd period - Minor Penalty to Jon Landry for Hooking.
17:27 of 3rd period - Calle Jarnkrok wins face-off versus Andrew Gordon in Aeros zone.
17:45 of 3rd period - Off-side.
17:46 of 3rd period - Calle Jarnkrok wins face-off versus Andrew Gordon in neutral zone.
18:03 of 3rd period - Jesper Fast is hit by Dana Tyrell and loses puck.
18:26 of 3rd period - Ilari Melart is hit by Calle Jarnkrok and loses puck.
19:14 of 3rd period - Cam Janssen is hit by Matt Puempel.
19:18 of 3rd period - Scott Campbell is hit by Calle Jarnkrok and loses puck.
19:26 of 3rd period - Penalty to Jon Landry is over, Jon Landry is back on ice.
19:40 of 3rd period - Rampage, Matt Hackett is pulled from the net.
Goals for this period are 0 for Rampage vs 1 for Aeros.
Shots for this period are 5 for Rampage vs 9 for Aeros.


Output by the SimonT Hockey Simulator (STHS) for Eric Dolegowski -- Original Page W3C XHTML 1.0 Valid
Hockey Simulator - Hockey Simulation - Hockey Manager